 Dungeon Crawl Stone Soup version 0.28-a0-429-g1448048969 (webtiles) character file.

Game seed: 4883813728173213811

1086 dolemite99 the Stinger (level 8, -1/54 HPs)
             Began as a Demonspawn Wanderer on Sept 11, 2021.
             Was a Believer of Cheibriados.
             Slain by a two-headed ogre (28 damage)
             ... on level 5 of the Dungeon.
             The game lasted 00:14:05 (10042 turns).

dolemite99 the Stinger (Demonspawn Wanderer)       Turns: 10042, Time: 00:14:05

Health: -1/54      AC:  7    Str: 15    XL:     8   Next: 9%
Magic:  13/13      EV: 11    Int: 22    God:    Cheibriados [**....]
Gold:   190        SH:  0    Dex: 19    Spells: 6/13 levels left

rFire   . . .      SeeInvis .   a - +0 demon whip (pain)
rCold   . . .      Faith    .   (no shield)
rNeg    . . .      Spirit   .   j - +0 leather armour
rPois   .          Reflect  .   (helmet restricted)
rElec   .          Harm     .   (no cloak)
rCorr   .          Rampage  .   (no gloves)
Will    .....                   (no boots)
Stlth   +.........              (no amulet)
HPRegen 0.18/turn               (no ring)
MPRegen 0.26/turn               (no ring)

@: confused, ambrosia-drunk, very slow
A: antennae 1, claws 1, icemail 1, magic regeneration, condensation shield
a: Renounce Religion, Bend Time


You were on level 5 of the Dungeon.
You worshipped Cheibriados.
Cheibriados was pleased with you.
You visited 1 branch of the dungeon, and saw 5 of its levels.

You collected 245 gold pieces.
You spent 55 gold pieces at shops.

Inventory:

Hand Weapons
 a - a +0 demon whip of pain (weapon)
 f - a +0 dagger
 r - a +2 falchion of electrocution
Missiles
 c - 31 bolts
 e - 16 boomerangs
 l - 34 stones
 s - 4 javelins (quivered)
 t - 21 sling bullets
 w - 34 arrows
Armour
 b - a +0 robe
 h - a +1 kite shield
 j - a +0 leather armour (worn)
Magical Staves
 d - a staff of death
 q - a staff of poison
Jewellery
 g - a ring of positive energy
 m - a +6 ring of intelligence
 u - an amulet of faith
Wands
 o - a wand of paralysis (6)
 p - a wand of iceblast (12)
Scrolls
 i - 3 scrolls of enchant armour
Potions
 k - a potion of mutation
 n - a potion of heal wounds
 v - 2 potions of curing


   Skills:
 - Level 1.0 Fighting
 - Level 1.0 Short Blades
 + Level 4.4 Maces & Flails
 - Level 1.0 Throwing
 - Level 1.0 Dodging
 - Level 1.0 Stealth
 - Level 3.4 Spellcasting
 - Level 1.2 Transmutations
 - Level 1.0 Earth Magic
 + Level 7.4 Poison Magic


You had 6 spell levels left.
You knew the following spells:

 Your Spells              Type           Power      Damage    Failure   Level
a - Sting                 Tmut/Pois      88%        1d7       2%          1
b - Poisonous Vapours     Pois/Air       40%        N/A       4%          2
c - Olgreb's Toxic Radia  Pois           36%        N/A       7%          4

Your spell library contained the following spells:

 Spells                   Type           Power      Damage    Failure   Level
 Mephitic Cloud           Conj/Pois/Air  14%        N/A       16%         3


Dungeon Overview and Level Annotations

Branches:
Dungeon (5/15)             Temple (0/1) D:4

Altars:
Cheibriados
Dithmenos
Kikubaaqudgha
Uskayaw

Shops:
D:3 =*(:   D:4 :


Innate Abilities, Weirdness & Mutations

You have a pair of small antennae on your head.
You have sharp fingernails.
A meltable icy envelope protects you from harm. (AC +4)
You regenerate magic rapidly.
A meltable shield of frost defends you. (SH +4)


Message History

Found a potion of curing.
x - a lumpy purple potion You now have enough gold to buy a runed longbow on D:3.
You can access your shopping list by pressing '$'.
You now have 190 gold pieces (gained 13).
v - 2 potions of curing (gained 1)
You open the gate.
There is an open gate here.
You sense a monster nearby.
A two-headed ogre comes into view. It is wielding two +0 giant clubs.
Casting: Sting (safe; 2% risk of failure)
Confirm with . or Enter, or press ? or * to list all spells.
Aiming: Sting (safe; 2% risk of failure)
Press: ? - help, Shift-Dir - straight line, f - two-headed ogre
Aim: a two-headed ogre, wielding two +0 giant clubs (asleep, 100% to hit)
The sting hits the two-headed ogre.
The two-headed ogre is poisoned.
The two-headed ogre is lightly wounded.
The two-headed ogre shouts in stereo!
Okay, then.
It was a potion of ambrosia.
You are confused.
You feel invigorated.
The two-headed ogre hits you with a +0 giant club.
The two-headed ogre hits you with a +0 giant club!
You hit the two-headed ogre.
The two-headed ogre is lightly wounded.
The two-headed ogre hits you with a +0 giant club.
The two-headed ogre closely misses you.
You whack the two-headed ogre!
The two-headed ogre is moderately wounded.
You closely miss the two-headed ogre.
The two-headed ogre is moderately wounded.
The two-headed ogre barely misses you.
The two-headed ogre hits you with a +0 giant club!!
You barely miss the two-headed ogre.
The two-headed ogre is moderately wounded.
The two-headed ogre hits you but does no damage.
The two-headed ogre hits you with a +0 giant club!!
Ouch! That really hurt!
You die...

#..#.#.#.#.#.#.##......
#..............##......
#.#.#.#.#.#.#.#.......#
##.............#......#
#.#.#.#.#.#.#.##.....#
##...........#........
#.#.#.#.#.#..........
##...........##......
#.#@#.#.#..# ###....
##..O...... ####.
#........# #.
########## ## #


You could see a two-headed ogre (poisoned).

Vanquished Creatures
  Eustachio (D:5)
  Menkaure (D:5)
  A necrophage (D:5)
  2 ogres (D:4)
  2 scorpions
  2 hounds
  An orc priest (D:5)
  A gnoll shaman (D:4)
  2 bullfrog skeletons
  2 iguanas (D:5)
  An orc wizard (D:5)
  8 gnolls
  4 adders
  2 ufetubi
  2 dart slugs (D:1)
  7 orcs (D:5)
  3 ball pythons
  2 bats
  4 endoplasms
  2 giant cockroaches
  6 goblins
  6 hobgoblins
  4 jackals (D:1)
  2 kobolds
  2 quokkas
  3 frilled lizards
  5 rats
78 creatures vanquished.

Vanquished Creatures (others)
  7 plants (D:2)
7 creatures vanquished.

Grand Total: 85 creatures vanquished

Notes
Turn   | Place    | Note
-------+----------+-------------------------------------------
     0 | D:1      | dolemite99 the Demonspawn Wanderer began the quest for the
                  | Orb.
     0 | D:1      | dolemite99 set off with the following items: a +0 dagger, a
                  | +0 robe, a potion of curing; and the following spell
                  | memorised: Sting; and the following spells available to
                  | memorise: Poisonous Vapours, Mephitic Cloud, Olgreb's Toxic
                  | Radiance
     0 | D:1      | Reached XP level 1. HP: 15/15 MP: 2/2
   195 | D:1      | Identified a scroll of acquirement
   195 | D:1      | Acquired a staff of poison
   419 | D:1      | Gained mutation: You have sharp fingernails. [demonic
                  | ancestry]
   419 | D:1      | Reached XP level 2. HP: 18/21 MP: 0/3
  1419 | D:1      | Learned a level 2 spell: Poisonous Vapours
  1475 | D:1      | Reached skill level 4 in Poison Magic
  1984 | D:1      | Gained mutation: You have a pair of small antennae on your
                  | head. [demonic ancestry]
  1984 | D:1      | Reached XP level 3. HP: 23/26 MP: 0/4
  2569 | D:1      | Found a faded altar of an unknown god.
  2579 | D:1      | Became a worshipper of Cheibriados the Contemplative
  2579 | D:1      | Reached * piety under Cheibriados
  2729 | D:2      | Noticed a scorpion
  2816 | D:2      | Killed a scorpion
  2817 | D:2      | Reached skill level 5 in Poison Magic
  2817 | D:2      | Gained mutation: You regenerate magic rapidly. [demonic
                  | ancestry]
  2817 | D:2      | Reached XP level 4. HP: 9/32 MP: 0/5
  4387 | D:3      | Found Lioqie's Assorted Antiques.
  4424 | D:3      | Bought a scroll labelled RAAPHU VAOVUC for 19 gold pieces
  4424 | D:3      | Bought a fuming cyan potion for 17 gold pieces
  4424 | D:3      | Bought a scroll labelled ZUYXEB DAPH for 19 gold pieces
  4520 | D:3      | Noticed a +0 dagger
  4520 | D:3      | Noticed a +0 dagger
  4521 | D:3      | Found a hide-covered altar of Uskayaw.
  4953 | D:3      | Found an ancient bone altar of Kikubaaqudgha.
  5000 | D:3      | Found Hunlaec's Jewellery Shoppe.
  5131 | D:3      | Reached skill level 1 in Transmutations
  5393 | D:3      | Found Cuorr's Antique Weapon Emporium.
  5398 | D:3      | Found Reut Byoc's Book Boutique.
  5947 | D:4      | Noticed a scorpion
  5956 | D:4      | Killed a scorpion
  5957 | D:4      | Reached XP level 5. HP: 37/37 MP: 1/8
  6097 | D:4      | Found a shadowy altar of Dithmenos.
  6109 | D:4      | Found a staircase to the Ecumenical Temple.
  6304 | D:4      | Noticed an ogre
  6316 | D:4      | Killed an ogre
  6316 | D:4      | Reached ** piety under Cheibriados
  6317 | D:4      | Gained mutation: A meltable shield of frost defends you.
                  | (SH +4) [demonic ancestry]
  6317 | D:4      | Reached XP level 6. HP: 22/43 MP: 3/11
  7175 | D:4      | Learned a level 4 spell: Olgreb's Toxic Radiance
  7181 | D:4      | Found Qyciz's Book Shop.
  7227 | D:4      | Reached skill level 1 in Maces & Flails
  8128 | D:4      | Reached skill level 6 in Poison Magic
  8558 | D:5      | Entered Level 5 of the Dungeon
  8569 | D:5      | Gained mutation: A meltable icy envelope protects you from
                  | harm. (AC +4) [demonic ancestry]
  8569 | D:5      | Reached XP level 7. HP: 43/48 MP: 10/12
  8618 | D:5      | Noticed Menkaure
  8618 | D:5      | Noticed Eustachio
  8636 | D:5      | Killed Menkaure
  8715 | D:5      | Killed Eustachio
  8941 | D:5      | Reached skill level 7 in Poison Magic
  9432 | D:5      | Reached XP level 8. HP: 54/54 MP: 13/13
 10036 | D:5      | Noticed a two-headed ogre
 10042 | D:5      | Slain by a two-headed ogre

Illustrated notes

Levels and vault maps discovered:
D:1:      mushboom_english_gardens, layout_basic, basic_ecumenical_altar,
          wad_floor_pattern_2, kennysheep_flooded_box
D:2:      layout_basic, serial_bayou_pond_c
D:3:      layout_loops_corners, dancing_weapons_uskayaw, lemuel_round_altar,
          serial_shops, nicolae_square_shop, shop, shop,
          nicolae_shop_overgrown_old_shop, portal_sewer_entry_d,
          minmay_misc_feat_pillars, nicolae_underground_beach
D:4:      layout_loops_ring, grunt_dithmenos_smoke, minmay_temple_entry_trees,
          serial_shops, shop_statue
D:5:      layout_cave_pools, lightli_temple_of_fire, hex_medium,
          kennysheep_cross_bottleneck, uniq_menkaure, uniq_eustachio

Skill      XL: |  1  2  3  4  5  6  7 |
---------------+----------------------+-----
Poison Magic   | 4 5 6 7 |  7.4
Transmutations | 1 |  1.2
Spellcasting   | 2 3 |  3.4
Maces & Flails | 2 4 |  4.4
Fighting       | |  1.0
Short Blades   | |  1.0
Throwing       | |  1.0
Dodging        | |  1.0
Stealth        | |  1.0
Earth Magic    | |  1.0

Action                   |  1- 3 |  4- 6 |  7- 9 || total
-------------------------+-------+-------+-------++-------
Melee: Dagger            |     4 |       |       ||     4
       Staff             |    27 |    11 |       ||    38
       Demon whip        |       |    21 |    39 ||    60
Throw: Boomerang         |       |    18 |     2 ||    20
       Javelin           |       |       |     8 ||     8
 Cast: Sting             |    41 |    73 |    30 ||   144
       Poisonous Vapours |       |     8 |    10 ||    18
       Olgreb's Toxic Ra |       |       |     1 ||     1
Evoke: Wand              |       |       |     2 ||     2
  Use: Scroll            |     2 |     6 |     3 ||    11
       Potion            |     1 |     1 |     3 ||     5
 Stab: Paralysed         |       |       |     4 ||     4
Armor: Robe              |     8 |    14 |     4 ||    26
       Leather armour    |       |       |     9 ||     9
Dodge: Dodged            |    35 |    66 |    30 ||   131
Block: Other             |       |     4 |     8 ||    12

Table legend: (Time is in decaauts)
 A = Elapsed time spent in this place.
 B = Non-inter-level travel time spent in this place.
 C = Inter-level travel time spent in this place.
 D = Time resting spent in this place.
 E = Time spent auto-exploring this place.
 F = Levels seen in this place.
 G = Mean time per level.
                   A        B        C        D        E       F      G
               +--------+--------+--------+--------+--------+-----+--------+
         Total |  11278 |  11056 |    222 |   5578 |   4176 |   5 | 2255.6 |
       Dungeon |  11278 |  11056 |    222 |   5578 |   4176 |   5 | 2255.6 |
               +--------+--------+--------+--------+--------+-----+--------+

Top non-repeatable levels by time:
     D:4: 2942 daAuts
     D:1: 2654 daAuts
     D:3: 2022 daAuts
     D:2: 1943 daAuts
     D:5: 1715 daAuts
